Map: Battle on the Boardwalk LE

Players

DeMusliM

  • Race: Terran Terran
  • League: Grandmaster
  • Spawn Location: 1:00

Elazer - Winner!

  • Race: Zerg Zerg
  • League: Master
  • Spawn Location: 11:00

Event: WESG Barcelona European Finals 2017

VOD

Have the link to the VOD?

Description

Time

  • Played on: Nov. 25, 2017, 8:22 a.m.
  • Length: 4:43

All games in this series

Show
View Real Time Build Order
Export as new Build Order

DeMusliM Terran 

Build Orders: Command Center First (CC), Hellion Banshee 

Get SALT Encoding   

  12  0:00  SCV  
  13  0:12  SCV  
  14  0:17  Supply Depot  
  14  0:25  SCV  
  15  0:39  SCV  
  16  0:51  SCV  
  17  1:00  Command Center  
  17  1:03  SCV  
  18  1:13  Barracks  
  18  1:16  SCV  
  19  1:22  Refinery  
  19  1:28  SCV  
  19  1:32  Refinery  
  20  1:41  SCV  
  22  1:59  Orbital Command  
  22  2:00  Reaper  
  22  2:11  Orbital Command  
  22  2:19  Factory  
  22  2:25  SCV  
  22  2:27  Supply Depot  
  23  2:32  Barracks Reactor  
  23  2:37  SCV x2  
  25  2:49  SCV x2  
  27  3:01  SCV  
  27  3:02  SCV  
  27  3:04  Starport  
  29  3:13  SCV, Hellion x2  
  29  3:14  SCV  
  35  3:22  Barracks Tech Lab  
  35  3:25  SCV  
  35  3:26  SCV  
  37  3:28  Supply Depot  
  37  3:34  Hellion  
  37  3:35  Hellion  
  37  3:37  SCV  
  37  3:38  SCV  
  37  3:49  SCV  
  37  3:50  SCV, Banshee  
  42  4:02  SCV  
  41  4:06  Supply Depot, Hellion x2  
  43  4:20  SCV  
Show
View Real Time Build Order
Export as new Build Order

Elazer Zerg - Winner!

Build Orders: Hatch First 

Get SALT Encoding   

  12  0:00  Drone  
  13  0:12  Overlord  
  13  0:16  Drone  
  14  0:30  Drone x2  
  14  0:34  Drone  
  17  0:51  Hatchery  
  17  0:54  Drone  
  17  0:57  Drone  
  17  1:00  Extractor  
  17  1:13  Spawning Pool  
  17  1:16  Drone  
  17  1:19  Drone  
  18  1:27  Drone  
  19  1:44  Overlord  
  19  1:59  Queen  
  19  2:00  Zergling x2, Metabolic Boost  
  22  2:02  Zergling x2  
  22  2:03  Queen  
  22  2:07  Zergling x2  
  26  2:10  Drone  
  26  2:13  Drone  
  28  2:22  Drone  
  29  2:25  Drone  
  30  2:32  Drone  
  31  2:37  Pneumatized Carapace  
  31  2:42  Queen  
  33  2:46  Zergling x2  
  33  2:47  Evolution Chamber  
  33  2:48  Zergling x2  
  33  2:53  Overlord  
  33  3:02  Overlord  
  33  3:03  Zergling x2  
  34  3:06  Zergling x2  
  34  3:10  Zergling x2  
  36  3:13  Zergling x6  
  39  3:22  Zergling x6  
  39  3:26  Zergling x4  
  44  3:38  Zergling x2  
  44  3:39  Zergling x2  
  46  3:44  Zergling x8  
  49  3:51  Overlord  
  49  3:57  Zergling x2  
  50  4:04  Zergling x2  
  49  4:10  Zergling x6  
  51  4:22  Zergling x8  
Tags
 
Add a new tag
Caveats
  • Supply blocks, unpowered buildings, or Contaminate may cause inaccurate times.
  • Supply counts are checked every 10 seconds.